General information
			
			
        
        - name: BNet
 
        - type: Ladder team game (AT/RT)
 
        - host: Battle.net
 
        - saver: Rezifut
 
        
map: SilverpineForest 
        - players: 6
 
        - length: 88:10
 
        - speed: Fast
 - version: 1.22 W3XP
 - replay type:  Public
 
» download(613 KB)
Players
        team 1 (winner) 
              
              
coolhentaiguy (
purple | 92 APM | 8101 actions | 88:10)
              
 7 Archmage 
 3 Blizzard
 3 Brilliance Aura
 1 Mass Teleport
 4 Paladin 
 3 Holy Light
 1 Divine Shield
 
                » actions 
                
                | Assign group hotkey | 65 |  | 
| Basic commands | 106 |  | 
| Build / train | 147 |  | 
| ESC pressed | 11 |  | 
| Enter build submenu | 148 |  | 
| Enter hero's abilities submenu | 11 |  | 
| Give item / drop item | 6 |  | 
| Right click | 5232 |  | 
| Select / deselect | 1244 |  | 
| Select group hotkey | 440 |  | 
| Use ability | 687 |  | 
                8101 total
 » units 
                
                | Peasant | 19 |  | 
| Gryphon Rider | 3 |  | 
| Goblin Zeppelin | 2 |  | 
| Dragonhawk Rider | 15 |  | 
| Goblin Shredder | 1 |  | 
| Mortar Team | 2 |  | 
                42 total
 » upgrades
                
                | Masonry | 3 |  | 
| Swords | 3 |  | 
| Armor | 3 |  | 
| Magic Sentry | 1 |  | 
| Flare | 1 |  | 
| Cloud | 1 |  | 
                12 total
 » buildings
                
                | Altar of Kings | 5 |  | 
| Lumber Mill | 4 |  | 
| Farm | 21 |  | 
| Scout Tower | 113 |  | 
| Arcane Tower | 9 |  | 
| Guard Tower | 58 |  | 
| Keep | 3 |  | 
| Castle | 2 |  | 
| Gryphon Aviary | 4 |  | 
| Town Hall | 3 |  | 
| Arcane Vault | 1 |  | 
| Blacksmith | 1 |  | 
| Arcane Sanctum | 1 |  | 
| Workshop | 1 |  | 
                226 total
 » build order
                00:04 Altar of Kings
00:15 Lumber Mill
00:25 Farm
01:01 Scout Tower
01:03 Scout Tower
01:12 Scout Tower
01:36 Farm
01:38 Arcane Tower
02:02 Guard Tower
02:34 Guard Tower
02:37 Scout Tower
02:40 Farm
02:57 Scout Tower
02:57 Scout Tower
02:59 Scout Tower
03:00 Scout Tower
03:03 Scout Tower
03:38 Arcane Tower
03:38 Guard Tower
03:40 Keep
03:49 Guard Tower
03:52 Scout Tower
03:53 Scout Tower
04:26 Guard Tower
04:30 Guard Tower
04:30 Guard Tower
04:32 Scout Tower
04:33 Scout Tower
04:35 Scout Tower
04:36 Scout Tower
04:52 Guard Tower
05:00 Arcane Tower
05:01 Guard Tower
05:02 Guard Tower
05:02 Guard Tower
05:41 Guard Tower
05:43 Scout Tower
05:43 Scout Tower
06:27 Castle
06:32 Guard Tower
07:00 Scout Tower
07:01 Scout Tower
07:04 Scout Tower
07:05 Scout Tower
07:07 Scout Tower
07:07 Scout Tower
07:08 Scout Tower
07:10 Scout Tower
07:11 Scout Tower
07:42 Guard Tower
08:39 Guard Tower
08:39 Guard Tower
08:40 Guard Tower
08:47 Scout Tower
08:49 Scout Tower
08:51 Guard Tower
08:56 Scout Tower
08:56 Scout Tower
09:05 Scout Tower
09:05 Scout Tower
09:06 Scout Tower
09:24 Scout Tower
09:28 Scout Tower
09:32 Guard Tower
09:33 Guard Tower
09:38 Guard Tower
09:38 Guard Tower
09:45 Gryphon Aviary
09:46 Gryphon Aviary
11:40 Guard Tower
11:48 Farm
11:56 Farm
12:31 Scout Tower
12:32 Scout Tower
12:58 Altar of Kings
12:59 Farm
12:59 Farm
13:18 Gryphon Aviary
13:20 Gryphon Aviary
13:24 Lumber Mill
13:41 Scout Tower
13:41 Scout Tower
13:42 Scout Tower
13:42 Scout Tower
13:46 Guard Tower
13:53 Town Hall
14:00 Scout Tower
14:00 Scout Tower
14:03 Scout Tower
14:04 Scout Tower
14:17 Arcane Tower
14:23 Scout Tower
14:25 Scout Tower
14:30 Guard Tower
14:33 Guard Tower
14:40 Farm
14:49 Scout Tower
14:50 Scout Tower
16:40 Altar of Kings
16:43 Altar of Kings
16:55 Guard Tower
16:59 Scout Tower
17:02 Scout Tower
17:33 Guard Tower
17:34 Guard Tower
17:47 Scout Tower
17:47 Scout Tower
17:48 Scout Tower
17:51 Scout Tower
18:09 Scout Tower
18:21 Guard Tower
18:22 Guard Tower
18:25 Scout Tower
18:32 Scout Tower
18:35 Guard Tower
18:36 Guard Tower
19:02 Guard Tower
19:56 Guard Tower
19:59 Scout Tower
20:01 Arcane Vault
20:17 Farm
20:18 Farm
20:18 Farm
20:48 Guard Tower
21:17 Keep
22:11 Guard Tower
22:18 Scout Tower
22:19 Scout Tower
23:24 Guard Tower
23:55 Farm
25:57 Scout Tower
26:03 Scout Tower
26:13 Scout Tower
27:35 Guard Tower
27:39 Scout Tower
32:25 Guard Tower
32:44 Scout Tower
32:46 Scout Tower
33:48 Farm
34:24 Farm
35:13 Arcane Tower
35:33 Keep
35:39 Blacksmith
35:56 Scout Tower
35:57 Scout Tower
35:57 Scout Tower
35:58 Scout Tower
35:59 Scout Tower
36:00 Scout Tower
36:59 Arcane Tower
37:09 Arcane Tower
37:23 Guard Tower
38:45 Guard Tower
39:12 Castle
39:35 Scout Tower
39:36 Scout Tower
39:37 Scout Tower
39:38 Scout Tower
39:39 Scout Tower
39:39 Scout Tower
39:40 Scout Tower
39:40 Scout Tower
39:40 Scout Tower
39:41 Scout Tower
39:41 Scout Tower
39:42 Scout Tower
39:42 Scout Tower
39:43 Scout Tower
39:44 Scout Tower
39:44 Scout Tower
39:45 Scout Tower
39:46 Scout Tower
39:46 Scout Tower
39:47 Scout Tower
39:48 Scout Tower
39:49 Scout Tower
39:50 Scout Tower
40:11 Guard Tower
40:29 Arcane Sanctum
40:32 Arcane Tower
40:39 Guard Tower
41:02 Guard Tower
41:49 Guard Tower
42:23 Scout Tower
42:30 Scout Tower
42:57 Guard Tower
45:04 Workshop
58:09 Farm
58:10 Farm
60:25 Town Hall
60:29 Town Hall
60:36 Scout Tower
60:38 Scout Tower
60:42 Scout Tower
61:26 Guard Tower
61:34 Guard Tower
61:57 Scout Tower
62:08 Scout Tower
62:10 Guard Tower
62:36 Guard Tower
62:41 Scout Tower
62:44 Scout Tower
62:48 Guard Tower
63:11 Guard Tower
63:15 Scout Tower
63:18 Scout Tower
63:43 Scout Tower
67:29 Scout Tower
67:33 Lumber Mill
68:06 Lumber Mill
68:15 Scout Tower
68:16 Scout Tower
68:19 Scout Tower
68:22 Scout Tower
68:32 Altar of Kings
68:41 Arcane Tower
69:46 Guard Tower
69:54 Farm
69:55 Farm
69:56 Farm
69:58 Farm
70:10 Guard Tower
70:10 Guard Tower
70:10 Guard Tower
70:10 Guard Tower
70:41 Farm
» items
                
                | Staff of Teleportation | 2 |  | 
| Boots of Speed | 1 |  | 
| Staff of Sanctuary | 2 |  | 
| Scroll of Town Portal | 2 |  | 
                7 total
  
               
              
              
GOKUMaN69 (
blue | 47 APM | 4175 actions | 88:10)
              
 8 Warden 
 3 Shadow Strike
 3 Blink
 2 Fan of Knives
 2 Paladin 
 1 Divine Shield
 1 Devotion Aura
 
                » actions 
                
                | Assign group hotkey | 5 |  | 
| Basic commands | 9 |  | 
| Build / train | 107 |  | 
| Enter build submenu | 21 |  | 
| Enter hero's abilities submenu | 10 |  | 
| Give item / drop item | 6 |  | 
| Right click | 2600 |  | 
| Select / deselect | 928 |  | 
| Select group hotkey | 6 |  | 
| Use ability | 483 |  | 
                4175 total
 » units 
                
                | Wisp | 38 |  | 
| Druid of the Talon | 32 |  | 
                70 total
 » upgrades
                
                | Ultravision | 1 |  | 
| Strength of the Wild | 3 |  | 
| Reinforced Hides | 3 |  | 
| Druid of the Talon Training | 2 |  | 
| Well Spring | 1 |  | 
| Mark of the Talon | 1 |  | 
| Nature's Blessing | 1 |  | 
                12 total
 » buildings
                
                | Altar of Elders | 1 |  | 
| Moon Well | 6 |  | 
| Hunter's Hall | 1 |  | 
| Ancient of Wonders | 1 |  | 
| Tree of Ages | 1 |  | 
| Ancient of Wind | 2 |  | 
| Tree of Eternity | 1 |  | 
| Tree of Life | 8 |  | 
                21 total
 » build order
                00:06 Altar of Elders
00:22 Moon Well
01:32 Hunter's Hall
01:43 Moon Well
03:35 Ancient of Wonders
05:12 Moon Well
05:45 Tree of Ages
08:54 Ancient of Wind
08:55 Ancient of Wind
09:38 Tree of Eternity
12:01 Tree of Life
13:37 Moon Well
16:57 Tree of Life
16:58 Tree of Life
23:06 Tree of Life
23:08 Tree of Life
45:34 Tree of Life
48:58 Moon Well
49:00 Tree of Life
56:07 Tree of Life
56:47 Moon Well
» items
                
                | Staff of Teleportation | 2 |  | 
| Boots of Speed | 1 |  | 
| Orb of Venom | 1 |  | 
| Healing Salve | 1 |  | 
| Lesser Clarity Potion | 2 |  | 
| Potion of Mana | 1 |  | 
| Scroll of Town Portal | 2 |  | 
| Tiny Great Hall | 1 |  | 
                11 total
  
               
              
              
Rezifut (
yellow | 75 APM | 6616 actions | 88:10)
              
 10 Blademaster 
 3 Wind Walk
 3 Critical Strike
 1 Bladestorm
 3 Mirror Image
 
                » actions 
                
                | Assign group hotkey | 142 |  | 
| Basic commands | 4 |  | 
| Build / train | 118 |  | 
| ESC pressed | 3 |  | 
| Enter build submenu | 50 |  | 
| Enter hero's abilities submenu | 10 |  | 
| Give item / drop item | 21 |  | 
| Remove unit from queue | 3 |  | 
| Right click | 4526 |  | 
| Select / deselect | 479 |  | 
| Select group hotkey | 907 |  | 
| Use ability | 353 |  | 
                6616 total
 » units 
                » upgrades
                
                | Liquid Fire | 1 |  | 
| Reinforced Defenses | 1 |  | 
| Ranged Weapons | 3 |  | 
| Armor | 3 |  | 
                8 total
 » buildings
                
                | Altar of Storms | 1 |  | 
| Orc Burrow | 4 |  | 
| War Mill | 1 |  | 
| Watch Tower | 32 |  | 
| Voodoo Lounge | 1 |  | 
| Stronghold | 1 |  | 
| Beastiary | 2 |  | 
| Fortress | 1 |  | 
                43 total
 » build order
                00:03 Altar of Storms
00:13 Orc Burrow
00:48 War Mill
02:01 Watch Tower
02:02 Watch Tower
02:05 Voodoo Lounge
02:50 Stronghold
03:10 Watch Tower
03:51 Watch Tower
03:56 Watch Tower
04:24 Orc Burrow
04:30 Watch Tower
05:00 Watch Tower
05:07 Watch Tower
05:33 Beastiary
05:43 Beastiary
06:33 Fortress
07:00 Watch Tower
08:13 Watch Tower
08:51 Watch Tower
08:55 Watch Tower
09:03 Orc Burrow
09:28 Watch Tower
11:19 Orc Burrow
13:17 Watch Tower
13:18 Watch Tower
13:19 Watch Tower
13:21 Watch Tower
13:22 Watch Tower
13:23 Watch Tower
14:33 Watch Tower
14:34 Watch Tower
15:15 Watch Tower
15:16 Watch Tower
15:16 Watch Tower
15:17 Watch Tower
17:04 Watch Tower
17:06 Watch Tower
17:07 Watch Tower
18:34 Watch Tower
18:35 Watch Tower
32:33 Watch Tower
32:34 Watch Tower
» items
                
                | Healing Salve | 7 |  | 
| Lesser Clarity Potion | 19 |  | 
| Boots of Speed | 1 |  | 
| Staff of Teleportation | 2 |  | 
| Circlet of Nobility | 1 |  | 
| Orb of Lightning | 1 |  | 
| Scroll of Town Portal | 6 |  | 
| Potion of Invulnerability | 4 |  | 
| Claws of Attack +9 | 1 |  | 
| Potion of Lesser Invulnerability | 5 |  | 
                47 total
  
               team 2 (loser) 
              
              
b.b.h.k.inc (
teal | 52 APM | 4557 actions | 88:10)
              
 6 Mountain King 
 3 Storm Bolt
 2 Bash
 1 Avatar
 4 Paladin 
 2 Holy Light
 2 Devotion Aura
 
                » actions 
                
                | Assign group hotkey | 65 |  | 
| Basic commands | 435 |  | 
| Build / train | 155 |  | 
| ESC pressed | 20 |  | 
| Enter build submenu | 53 |  | 
| Enter hero's abilities submenu | 10 |  | 
| Give item / drop item | 6 |  | 
| Remove unit from queue | 1 |  | 
| Right click | 2211 |  | 
| Select / deselect | 702 |  | 
| Select group hotkey | 699 |  | 
| Use ability | 200 |  | 
                4557 total
 » units 
                
                | Peasant | 17 |  | 
| Footman | 6 |  | 
| Rifleman | 12 |  | 
| Mortar Team | 15 |  | 
| Dragonhawk Rider | 20 |  | 
| Siege Engine | 16 |  | 
| Flying Machine | 7 |  | 
                93 total
 » upgrades
                
                | Gunpowder | 3 |  | 
| Long Rifles | 1 |  | 
| Lumber Harvesting | 2 |  | 
| Armor | 2 |  | 
| Flare | 1 |  | 
| Fragmentation Shards | 1 |  | 
| Cloud | 1 |  | 
| Barrage | 1 |  | 
| Masonry | 3 |  | 
| Flak Cannons | 1 |  | 
                16 total
 » buildings
                
                | Altar of Kings | 1 |  | 
| Farm | 15 |  | 
| Barracks | 1 |  | 
| Scout Tower | 21 |  | 
| Arcane Vault | 2 |  | 
| Arcane Tower | 1 |  | 
| Blacksmith | 1 |  | 
| Keep | 1 |  | 
| Lumber Mill | 1 |  | 
| Arcane Sanctum | 1 |  | 
| Workshop | 4 |  | 
| Guard Tower | 11 |  | 
| Gryphon Aviary | 2 |  | 
| Castle | 1 |  | 
| Town Hall | 3 |  | 
                66 total
 » build order
                00:08 Altar of Kings
00:21 Farm
00:36 Barracks
00:53 Farm
01:33 Scout Tower
01:36 Farm
02:03 Arcane Vault
02:18 Arcane Tower
02:34 Farm
03:23 Blacksmith
04:11 Keep
04:58 Farm
05:04 Lumber Mill
06:07 Farm
07:17 Arcane Sanctum
08:02 Farm
08:15 Workshop
09:05 Farm
09:44 Farm
10:19 Scout Tower
10:22 Scout Tower
10:25 Scout Tower
10:40 Scout Tower
10:53 Guard Tower
10:55 Guard Tower
10:58 Scout Tower
11:01 Scout Tower
11:05 Scout Tower
12:00 Guard Tower
12:31 Scout Tower
12:32 Guard Tower
12:36 Guard Tower
13:02 Scout Tower
13:04 Guard Tower
13:40 Scout Tower
13:41 Guard Tower
15:37 Farm
15:38 Farm
15:40 Farm
17:01 Workshop
17:34 Farm
17:35 Farm
17:36 Farm
19:30 Gryphon Aviary
19:42 Castle
19:55 Gryphon Aviary
21:44 Town Hall
28:23 Scout Tower
28:26 Scout Tower
28:29 Scout Tower
28:30 Scout Tower
28:33 Scout Tower
28:53 Scout Tower
28:55 Scout Tower
28:56 Scout Tower
28:58 Scout Tower
29:00 Scout Tower
29:05 Guard Tower
29:41 Guard Tower
30:11 Guard Tower
30:42 Guard Tower
35:26 Workshop
38:26 Workshop
39:44 Arcane Vault
40:54 Town Hall
41:04 Town Hall
» items
                
                | Scroll of Regeneration | 4 |  | 
| Lesser Clarity Potion | 2 |  | 
| Scroll of Town Portal | 2 |  | 
| Orb of Fire | 2 |  | 
| Potion of Mana | 2 |  | 
| Potion of Healing | 6 |  | 
| Staff of Teleportation | 1 |  | 
                19 total
  
               
              
              
» 
coordinator_ (
red | 76 APM | 6703 actions | 88:10)
              
 7 Dark Ranger 
 3 Black Arrow
 3 Silence
 1 Charm
 6 Firelord 
 3 Soul Burn
 2 Incinerate
 1 Volcano
 
                » actions 
                
                | Assign group hotkey | 63 |  | 
| Basic commands | 373 |  | 
| Build / train | 120 |  | 
| ESC pressed | 35 |  | 
| Enter build submenu | 46 |  | 
| Enter hero's abilities submenu | 15 |  | 
| Give item / drop item | 5 |  | 
| Right click | 3758 |  | 
| Select / deselect | 1491 |  | 
| Select group hotkey | 546 |  | 
| Use ability | 250 |  | 
                6703 total
 » units 
                
                | Wisp | 42 |  | 
| Archer | 18 |  | 
| Huntress | 4 |  | 
| Glaive Thrower | 5 |  | 
| Hippogryph | 2 |  | 
| Goblin Sapper | 6 |  | 
| Dryad | 10 |  | 
| Druid of the Talon | 1 |  | 
| Chimaera | 5 |  | 
| Goblin Zeppelin | 1 |  | 
                94 total
 » upgrades
                
                | Strength of the Moon | 1 |  | 
| Abolish Magic | 1 |  | 
| Corrosive Breath | 1 |  | 
                3 total
 » buildings
                
                | Moon Well | 12 |  | 
| Ancient of War | 4 |  | 
| Altar of Elders | 2 |  | 
| Hunter's Hall | 3 |  | 
| Ancient of Wonders | 1 |  | 
| Ancient Protector | 1 |  | 
| Tree of Ages | 3 |  | 
| Tree of Life | 5 |  | 
| Ancient of Wind | 4 |  | 
| Ancient of Lore | 3 |  | 
| Tree of Eternity | 1 |  | 
| Chimaera Roost | 2 |  | 
                41 total
 » build order
                00:15 Moon Well
00:47 Ancient of War
01:10 Altar of Elders
01:28 Moon Well
02:58 Hunter's Hall
03:36 Hunter's Hall
04:06 Moon Well
04:29 Ancient of Wonders
05:07 Ancient Protector
05:25 Tree of Ages
06:02 Tree of Life
07:39 Moon Well
08:48 Ancient of Wind
09:44 Ancient of Wind
10:58 Moon Well
11:11 Tree of Life
12:55 Tree of Life
15:44 Moon Well
18:41 Moon Well
22:44 Moon Well
24:05 Ancient of War
25:30 Ancient of War
26:21 Moon Well
26:49 Moon Well
27:36 Hunter's Hall
30:47 Tree of Life
30:54 Moon Well
33:46 Ancient of War
36:06 Moon Well
37:03 Tree of Ages
39:48 Ancient of Lore
39:57 Ancient of Lore
40:01 Ancient of Lore
44:15 Tree of Life
50:05 Tree of Ages
52:29 Ancient of Wind
52:31 Ancient of Wind
53:37 Altar of Elders
55:00 Tree of Eternity
57:22 Chimaera Roost
57:25 Chimaera Roost
» items
                
                | Staff of Teleportation | 1 |  | 
| Dust of Appearance | 2 |  | 
| Staff of Sanctuary | 1 |  | 
                4 total
  
               
              
              
» 
laujenn.ak (
orange | 74 APM | 6562 actions | 88:10)
              
 8 Death Knight 
 3 Death Coil
 3 Unholy Aura
 1 Animate Dead
 1 Death Pact
 8 Lich 
 3 Frost Nova
 3 Dark Ritual
 1 Death and Decay
 1 Frost Armor
 
                » actions 
                
                | Assign group hotkey | 141 |  | 
| Basic commands | 284 |  | 
| Build / train | 230 |  | 
| ESC pressed | 4 |  | 
| Enter build submenu | 59 |  | 
| Enter hero's abilities submenu | 16 |  | 
| Give item / drop item | 5 |  | 
| Remove unit from queue | 3 |  | 
| Right click | 3442 |  | 
| Select / deselect | 1326 |  | 
| Select group hotkey | 591 |  | 
| Use ability | 460 |  | 
                6562 total
 » units 
                
                | Acolyte | 48 |  | 
| Ghoul | 2 |  | 
| Crypt Fiend | 19 |  | 
| Obsidian Statue | 13 |  | 
| Gargoyle | 27 |  | 
| Frost Wyrm | 21 |  | 
| Meatwagon | 16 |  | 
| Goblin Sapper | 10 |  | 
| Goblin Zeppelin | 5 |  | 
                161 total
 » upgrades
                
                | Creature Attack | 3 |  | 
| Burrow | 1 |  | 
| Web | 1 |  | 
| Destroyer Form | 1 |  | 
| Stone Form | 0 |  | 
| Freezing Breath | 1 |  | 
| Creature Carapace | 2 |  | 
| Unholy Strength | 2 |  | 
                11 total
 » buildings
                
                | Crypt | 2 |  | 
| Graveyard | 1 |  | 
| Ziggurat | 31 |  | 
| Altar of Darkness | 1 |  | 
| Tomb of Relics | 1 |  | 
| Nerubian Tower | 4 |  | 
| Halls of the Dead | 1 |  | 
| Slaughterhouse | 1 |  | 
| Black Citadel | 1 |  | 
| Spirit Tower | 16 |  | 
| Sacrificial Pit | 1 |  | 
| Boneyard | 2 |  | 
| Necropolis | 2 |  | 
                64 total
 » build order
                00:07 Crypt
00:22 Graveyard
00:43 Ziggurat
00:58 Altar of Darkness
01:49 Tomb of Relics
02:04 Ziggurat
02:10 Nerubian Tower
03:52 Halls of the Dead
04:47 Ziggurat
04:49 Ziggurat
06:33 Slaughterhouse
08:46 Black Citadel
10:07 Ziggurat
10:13 Spirit Tower
10:16 Spirit Tower
10:33 Spirit Tower
13:57 Spirit Tower
15:04 Ziggurat
16:50 Sacrificial Pit
19:55 Boneyard
24:19 Ziggurat
24:21 Ziggurat
24:22 Ziggurat
24:26 Ziggurat
27:07 Crypt
28:47 Ziggurat
28:56 Ziggurat
28:58 Ziggurat
29:53 Spirit Tower
29:54 Spirit Tower
29:54 Spirit Tower
30:34 Ziggurat
36:09 Ziggurat
36:11 Ziggurat
36:12 Ziggurat
37:20 Spirit Tower
37:21 Spirit Tower
37:22 Spirit Tower
37:32 Ziggurat
38:18 Ziggurat
38:19 Ziggurat
38:20 Ziggurat
38:25 Necropolis
38:28 Ziggurat
40:28 Spirit Tower
40:30 Nerubian Tower
40:32 Nerubian Tower
48:41 Boneyard
58:15 Ziggurat
58:17 Ziggurat
58:19 Ziggurat
58:21 Ziggurat
58:23 Ziggurat
59:14 Spirit Tower
59:14 Spirit Tower
59:15 Spirit Tower
59:18 Necropolis
61:39 Ziggurat
61:41 Ziggurat
61:42 Ziggurat
61:45 Ziggurat
63:09 Spirit Tower
63:10 Spirit Tower
63:10 Nerubian Tower
» items
                
                | Rod of Necromancy | 1 |  | 
| Dust of Appearance | 2 |  | 
| Potion of Mana | 1 |  | 
| Orb of Corruption | 1 |  | 
| Scroll of Healing | 3 |  | 
| Boots of Speed | 1 |  | 
| Periapt of Vitality | 1 |  | 
| Scroll of Town Portal | 2 |  | 
| Potion of Healing | 2 |  | 
| Ancient Janggo of Endurance | 1 |  | 
                15 total
  
                Chat log
          
(03:17 / All) coolhentaiguy: THE SONG OF THE MAGE
(03:24 / All) coolhentaiguy: BEYOOOND THE GMAE
(04:38 / All) b.b.h.k.inc: bye bitch face
(04:45 / All) GOKUMaN69: manner pleAse
(04:48 / All) GOKUMaN69: shit noob
(05:26 / All) GOKUMaN69: tardmuch
(08:06 / All) GOKUMaN69: assbabies
(23:36 / All) coolhentaiguy: u should take better care of ur mortar teams
(23:50 / All) GOKUMaN69: bitch face
(34:31 / All) coolhentaiguy: brave archer
(35:12 / All) coolhentaiguy: hahahahhahahahhahaha
(38:52 / All) coolhentaiguy: can you just leave
(48:16 / All) coolhentaiguy: almost
(49:17 / All) coolhentaiguy: good sneak attack
(57:57 / All) coordinator_: cant handle a long game eh
(62:00 / All) b.b.h.k.inc: get a life 
(62:03 / All) b.b.h.k.inc: fuicking just quit assholes
(62:09 / All) Rezifut: you the one staying
(62:11 / All) laujenn.ak: weee
(62:12 / All) coolhentaiguy: chill out
(62:16 / All) coolhentaiguy: it's just a VIDEO GAME
(62:21 / All) laujenn.ak: rgr
(62:22 / All) b.b.h.k.inc: quit wc3 fuckheads
(62:30 / All) GOKUMaN69: bitch face
(66:26 / All) coordinator_: noobs
(66:30 / All) Rezifut: gg..
(66:38 / All) b.b.h.k.inc: fuckheads
(66:41 / All) b.b.h.k.inc: leave
(66:43 / All) coordinator_: learn to control your hero
(66:52 / All) Rezifut: 1v1?
(67:02 / All) coordinator_: LOL
(67:07 / All) Rezifut: is that a no?
(67:08 / All) Rezifut: dodge?
(67:16 / All) coordinator_: no time for primitives
(67:22 / All) Rezifut: dodge as usual
(67:31 / All) coordinator_: lol whatever floats your boat
(67:38 / All) Rezifut: every game we play we win
(67:41 / All) Rezifut: and they always dodge
(67:43 / All) Rezifut: and get mad
(67:45 / All) coordinator_: right
(67:50 / All) Rezifut: how doe sit feel to be a unique snowflake
(67:51 / All) coordinator_: well you didnt win
(67:58 / All) Rezifut: good point
(70:08 / All) laujenn.ak: thats actually pretty cool
(70:18 / All) GOKUMaN69: Unlike u lol
(73:30 / All) coolhentaiguy: someone missed out on the tomes of int god handed out
(78:51 / All) b.b.h.k.inc: bitch face